 Dungeon Crawl Stone Soup version 0.18.1-8-gdd0e5ea (webtiles) character file.

530 Scarto the Skirmisher (level 7, -10/55 HPs)
             Began as a Demonspawn Fighter on May 23, 2016.
             Was a Follower of Makhleb.
             Killed by nerve-wracking pain
             ... invoked by an orc priest
              (14 damage)
             ... on level 5 of the Dungeon.
             The game lasted 00:07:13 (3710 turns).

Scarto the Skirmisher (Demonspawn Fighter)          Turns: 3710, Time: 00:07:14

Health: -10/55     AC: 12    Str: 18    XL:     7   Next: 3%
Magic:  7/7        EV:  5    Int:  9    God:    Makhleb [*.....]
Gold:   226        SH: 13    Dex: 13    Spells: 0 memorised, 6 levels left

rFire  . . .     SeeInvis .     g - -2 flail (curse)
rCold  . . .     Gourm    .     p - +0 chain mail
rNeg   . . .     Faith    .     c - +1 shield
rPois  .         Spirit   .     (no helmet)
rElec  .         Dismiss  .     (no cloak)
rCorr  .         Reflect  .     (no gloves)
SustAt .         Harm     .     (no boots)
MR     .....                    (no amulet)
Stlth  ..........               (no ring)
                                h - ring of stealth

@: not resistant to hostile enchantments, extremely unstealthy
A: talons 2, large bone plates 2
a: Renounce Religion


You were on level 5 of the Dungeon.
You worshipped Makhleb.
Makhleb was aware of your devotion.
You were not hungry.

You visited 1 branch of the dungeon, and saw 5 of its levels.

You collected 226 gold pieces.

Inventory:

Hand Weapons
 a - a +0 trident
 g - a cursed -2 flail (weapon)
Armour
 b - a +0 scale mail
 c - a +1 shield (worn)
 p - a +0 chain mail (worn)
Jewellery
 h - a ring of stealth (left hand)
Wands
 j - a wand of flame (32/48)
Scrolls
 e - a scroll of recharging
 u - a scroll of amnesia {unknown}
Potions
 d - 3 potions of might
 f - a potion of magic
 i - 2 potions of flight
 l - 2 potions of resistance {unknown}
 n - a potion of agility {unknown}
 o - a potion of ambrosia {unknown}
 q - a potion of berserk rage {unknown}
 r - a potion of degeneration {unknown}
 s - 2 potions of heal wounds {unknown}
 t - a potion of mutation {unknown}
Comestibles
 k - 5 fruits
 m - 2 beef jerkies
 v - 3 bread rations


   Skills:
 + Level 4.6 Fighting
 + Level 1.1 Maces & Flails
 + Level 3.5 Polearms
 + Level 4.1 Armour
 + Level 4.3 Shields


You had 6 spell levels left.
You didn't know any spells.

Dungeon Overview and Level Annotations

Branches:
Dungeon (5/15)
 Temple: D:4-7

Altars:
Makhleb
Okawaru
Yredelemnul


Innate Abilities, Weirdness & Mutations

You have razor-sharp toenails.
You are mostly covered in large bone plates (AC +3, SH +3).


Message History

You bump into the rock wall.
The orc priest hits you.
* * * LOW HITPOINT WARNING * * *
You're too confused to move!
You feel less confused.
The orc priest casts a cantrip, but nothing happens.
You hit the orc priest. Your kick misses the orc priest.
The orc priest is moderately wounded.
You block the orc priest's attack.
You barely miss the orc priest.
You claw the orc priest, but do no damage.
The orc priest is moderately wounded.
You block the orc priest's attack.
The orc priest invokes the aid of Beogh against you.
Pain shoots through your body!
* * * LOW HITPOINT WARNING * * *
You hit the orc priest.
The orc priest is severely wounded.
The orc priest invokes the aid of Beogh against you.
Pain shoots through your body!
You die... .....(. ..... ..... # .....# #..#. .ol

#o# #@# #.#
#.#
#.###+######
#.#.........
#.#......###
#.'......+.#
####......#.#
+..'......<.#


You could see an orc priest, an orc and a giant gecko.

Vanquished Creatures
  Edmund (D:4)
  A howler monkey (D:4)
  An orc priest (D:4)
  A hound (D:2)
  3 orc wizards
  Ijyb (D:3)
  An iguana (D:4)
  11 adders
  3 worms
  A giant gecko (D:4)
  7 orcs
  2 ball pythons
  11 bats
  5 giant cockroaches
  10 goblins
  6 hobgoblins
  6 jackals
  A quokka (D:4)
  2 giant newts
  7 kobolds
  6 rats
87 creatures vanquished.

Notes
Turn   | Place    | Note
--------------------------------------------------------------
     0 | D:1      | Scarto the Demonspawn Fighter began the quest for the Orb.
     0 | D:1      | Reached XP level 1. HP: 18/18 MP: 1/1
   189 | D:1      | Gained mutation: You have sharp toenails. [demonic ancestry]
   189 | D:1      | Reached XP level 2. HP: 23/24 MP: 2/2
   720 | D:2      | Gained mutation: You are partially covered in large bone plates (AC +2, SH +2). [demonic ancestry]
   720 | D:2      | Reached XP level 3. HP: 29/29 MP: 3/3
   754 | D:2      | Found an iron altar of Okawaru.
  1131 | D:2      | Gained mutation: You are mostly covered in large bone plates (AC +3, SH +3). [demonic ancestry]
  1131 | D:2      | Reached XP level 4. HP: 31/35 MP: 4/4
  1303 | D:2      | Found a burning altar of Makhleb.
  1319 | D:2      | Reached XP level 5. HP: 23/42 MP: 5/5
  1463 | D:2      | Became a worshipper of Makhleb the Destroyer
  1727 | D:3      | Noticed Ijyb
  1755 | D:3      | Killed Ijyb
  2748 | D:4      | Reached XP level 6. HP: 38/48 MP: 6/6
  2762 | D:4      | Reached * piety under Makhleb
  3094 | D:4      | Noticed Edmund
  3105 | D:4      | Killed Edmund
  3456 | D:4      | Reached skill level 1 in Maces & Flails
  3463 | D:4      | Found a basalt altar of Yredelemnul.
  3523 | D:4      | Gained mutation: You have razor-sharp toenails. [demonic ancestry]
  3523 | D:4      | Reached XP level 7. HP: 55/55 MP: 7/7
  3658 | D:5      | Entered Level 5 of the Dungeon
  3710 | D:5      | Killed from afar by an orc priest

Skill      XL: |  1  2  3  4  5  6 |
---------------+-------------------+-----
Polearms       | 2 3 |  3.5
Shields        | 3 4 |  4.3
Armour         | 3 4 |  4.1
Fighting       | 4 |  4.6
Maces & Flails | 1 |  1.1

Action                   |  1- 3 |  4- 6 |  7- 9 || total
-------------------------+-------+-------+-------++-------
Melee: Trident           |   166 |   232 |       ||   398
       Kick              |    31 |    81 |     8 ||   120
       Flail             |       |    75 |    22 ||    97
  Use: Scroll            |       |     9 |       ||     9
       Potion            |       |     1 |       ||     1
 Stab: Distracted        |       |     1 |       ||     1
  Eat: Bread ration      |       |     1 |       ||     1
       Meat ration       |       |     1 |       ||     1
       Pizza             |       |     1 |       ||     1
Armor: Scale mail        |    99 |       |       ||    99
       Chain mail        |       |   177 |    18 ||   195
Dodge: Dodged            |    66 |    25 |     1 ||    92
Block: Shield            |   108 |   215 |     5 ||   328
